 Dungeon Crawl Stone Soup version 0.27-a0-333-gfa571bf19a (webtiles) character file.

Game seed: 14423607505544977538

304 Nattfarinn the Tainter (level 6, -1/30 (36) HPs)
             Began as an Octopode Venom Mage on Feb 12, 2021.
             Slain by a gnoll
             ... wielding a +0 whip of draining
              (2 damage)
             ... on level 4 of the Dungeon.
             The game lasted 00:06:02 (4547 turns).

Nattfarinn the Tainter (Octopode Venom Mage)        Turns: 4547, Time: 00:06:02

HP:   -1/30 (36)    AC:  1    Str:  7    XL:     6   Next: 38%
MP:   9/9           EV: 13    Int: 19    God:
Gold: 141           SH:  0    Dex: 13    Spells: 4/9 levels left

rFire    . . .     SeeInvis .   l - +2 dagger (venom)
rCold    + . .     Faith    .   (no shield)
rNeg     . . .     Spirit   .   (helmet restricted)
rPois    .         Reflect  .   (no amulet)
rElec    .         Harm     .   i - ring of protection from cold
rCorr    .         Rampage  .   (no ring)
Will     .....                  (no ring)
Stlth    +++.......             (no ring)
HPRegen  0.10/turn              (no ring)
MPRegen  0.11/turn              (no ring)
                                (no ring)
                                (no ring)

@: heavily drained
A: almost no armour, stealthy swim, amphibious, 8 rings, constrict 8, camouflage
1, gelatinous body 1
a: no special abilities


You were on level 4 of the Dungeon.
You visited 1 branch of the dungeon, and saw 4 of its levels.
You also visited: Sewer.

You collected 141 gold pieces.

Inventory:

Hand Weapons
 l - a +2 dagger of venom (weapon)
Missiles
 b - 2 boomerangs (quivered)
Jewellery
 i - a ring of protection from cold (left tentacle)
 n - a +6 ring of dexterity
 p - a ring of poison resistance {unknown}
 q - a +4 ring of protection {unknown}
Wands
 m - a wand of acid (4)
Scrolls
 g - 5 scrolls of teleportation {unknown}
 k - 2 scrolls of identify {unknown}
 o - 3 scrolls of fear {unknown}
Potions
 a - 2 potions of brilliance {unknown}
 c - 2 potions of might {unknown}
 d - 3 potions of flight {unknown}
 e - a potion of resistance {unknown}
 f - a potion of haste {unknown}
 h - 6 potions of curing {unknown}
 j - a potion of heal wounds {unknown}
 r - 2 potions of magic {unknown}
 s - 2 potions of berserk rage {unknown}


   Skills:
 - Level 2.0 Dodging
 - Level 2.6 Stealth
 - Level 2.0 Spellcasting
 - Level 1.0 Transmutations
 * Level 8.4 Poison Magic


You had 4 spell levels left.
You knew the following spells:

 Your Spells              Type           Power        Failure   Level
a - Sting                 Tmut/Pois      76%          2%          1
b - Olgreb's Toxic Radia  Pois           33%          5%          4

Your spell library contained the following spells:

 Spells                   Type           Power        Failure   Level
 Poisonous Vapours        Pois/Air       34%          4%          2
 Ignite Poison            Fire/Tmut/Pois 13%          14%         3
 Mephitic Cloud           Conj/Pois/Air  12%          16%         3


Dungeon Overview and Level Annotations

Branches:
Dungeon (4/15)              Sewer (visited)
 Temple: D:4-7

Altars:


Innate Abilities, Weirdness & Mutations

You cannot wear most types of armour.
You are very stealthy in the water. (Stealth+)
You are amphibious.
You can wear up to eight rings at the same time.
You can use your tentacles to constrict eight enemies at once.
Your skin changes colour to match your surroundings (Stealth+).
Your rubbery body absorbs attacks. (AC +1, EV +1)


Message History

There is a stone staircase leading up here.
Unknown command.
You hit the iguana but do no damage.
The iguana looks as sick as possible!
You grab the iguana.
The iguana is heavily wounded.
You constrict the iguana. The iguana bites you!
Unknown command.
You hit the iguana.
You squeeze the iguana, but do no damage.
The iguana is severely wounded.
You constrict the iguana, but do no damage.
The iguana barely misses you. The gnoll barely misses you.
Unknown command.
Casting: Olgreb's Toxic Radiance (quite dangerous; 6% risk of failure)
Confirm with . or Enter, or press ? or * to list all spells.
The spell is quite dangerous to cast (6% risk of failure)!
Continue anyway?
You begin to radiate toxic energy.
The iguana looks as sick as possible!
The gnoll looks even sicker.
You kill the iguana!
The gnoll looks even sicker. x2; The gnoll misses you.
You kill the gnoll!
The gnoll looks as sick as possible!
Your toxic aura wanes.
You climb upwards.
There is a stone staircase leading down here.
You start resting.
Magic restored.
You climb downwards.
The gnoll hits you with a +0 whip of draining.
You feel drained. The gnoll closely misses you.
The gnoll hits you with a +0 whip of draining!
You feel drained.
There is a stone staircase leading up here.
The gnoll hits you with a +0 club!
* * * LOW HITPOINT WARNING * * *
The gnoll hits you with a +0 whip of draining!
* * * LOW HITPOINT WARNING * * *
You feel drained.
You die...

?..... ....
...... ....
...... .....
#...... .....
....... ......
.......
......###..# ...
.......g...#....
.#....@......#
##.#g†....###
#....)....#
....#..†##.....
...#.###.. .....
.. # .... .... .
......g..
.##....... .
...#.


You could see 2 gnolls.

Vanquished Creatures
  Purgy (Sewer)
  An iguana (D:4)
  An orc wizard (D:3)
  A gnoll (D:4)
  4 adders
  2 oozes
  2 worms
  2 dart slugs
  3 leopard geckos (D:3)
  12 orcs (D:3)
  7 giant cockroaches
  A goblin (D:1)
  6 hobgoblins
  14 jackals
  A quokka (D:2)
  3 ball pythons (Sewer)
  4 bats
  6 frilled lizards
  7 kobolds
  4 rats (D:2)
82 creatures vanquished.

Vanquished Creatures (others)
  37 plants (D:2)
37 creatures vanquished.

Grand Total: 119 creatures vanquished

Notes
Turn   | Place    | Note
-------+----------+-------------------------------------------
     0 | D:1      | Nattfarinn the Octopode Venom Mage began the quest for the
                  | Orb.
     0 | D:1      | Reached XP level 1. HP: 11/11 MP: 3/3
   231 | D:1      | Reached skill level 4 in Poison Magic
   284 | D:1      | Reached XP level 2. HP: 17/17 MP: 5/5
   840 | D:1      | Reached XP level 3. HP: 14/21 MP: 2/6
  1251 | D:2      | Reached skill level 5 in Poison Magic
  2036 | D:2      | Reached XP level 4. HP: 27/27 MP: 7/7
  2355 | D:2      | Reached skill level 6 in Poison Magic
  3169 | D:3      | Found a glowing drain.
  3184 | Sewer    | Entered a sewer
  3332 | Sewer    | Noticed Purgy
  3358 | Sewer    | Killed Purgy
  3359 | Sewer    | Reached skill level 7 in Poison Magic
  3359 | Sewer    | Reached XP level 5. HP: 12/31 MP: 8/8
  3898 | D:3      | Learned a level 4 spell: Olgreb's Toxic Radiance
  3915 | D:3      | Reached XP level 6. HP: 30/36 MP: 9/9
  4089 | D:3      | Reached skill level 8 in Poison Magic
  4547 | D:4      | HP: 1/32 [gnoll/+0 whip of draining (8)]
  4547 | D:4      | Slain by a gnoll

Illustrated notes

Levels and vault maps discovered:
D:1:      minmay_arrival_floating_metal, layout_loops_ring, minmay_pentomino_q2
D:2:      layout_basic, serial_bayou_lagoon_a
D:3:      layout_loops_corners, portal_sewer_entry_f
D:4:      layout_cave_pools, lemuel_round_altar, gammafunk_ghost_gnarly_gnolls,
          uniq_sigmund

Skill      XL: |  1  2  3  4  5  6 |
---------------+-------------------+-----
Poison Magic   | 4 5 7 8 |  8.4
Dodging        | |  2.0
Stealth        | |  2.6
Spellcasting   | |  2.0
Transmutations | |  1.0

Action                   |  1- 3 |  4- 6 || total
-------------------------+-------+-------++-------
Melee: Unarmed           |    43 |    37 ||    80
       Constrict         |    14 |    32 ||    46
       Tentacles         |     6 |    20 ||    26
       Dagger            |       |    63 ||    63
Throw: Boomerang         |    54 |       ||    54
 Cast: Sting             |    29 |     9 ||    38
       Olgreb's Toxic Ra |       |     3 ||     3
 Stab: Sleeping          |     1 |     7 ||     8
Armor: Skin              |     5 |     5 ||    10
Dodge: Dodged            |    52 |    76 ||   128

Table legend: (Time is in decaauts)
 A = Elapsed time spent in this place.
 B = Non-inter-level travel time spent in this place.
 C = Inter-level travel time spent in this place.
 D = Time resting spent in this place.
 E = Time spent auto-exploring this place.
 F = Levels seen in this place.
 G = Mean time per level.
                   A        B        C        D        E       F      G
               +--------+--------+--------+--------+--------+-----+--------+
         Total |   4562 |   4484 |     78 |   1540 |   2386 |   5 |  912.4 |
       Dungeon |   4011 |   3933 |     78 |   1419 |   2053 |   4 | 1002.8 |
         Sewer |    551 |    551 |      0 |    121 |    333 |   1 |  551.0 |
               +--------+--------+--------+--------+--------+-----+--------+

Top non-repeatable levels by time:
     D:2: 1576 daAuts
     D:1: 1246 daAuts
     D:3: 1172 daAuts
   Sewer: 551 daAuts
     D:4: 15 daAuts
